Description

This build order in really easy to execute and works well on small maps. It his design to be very strong on defense.

The goal is to do a fast oracle opening into double stargate carrier. Extra mineral will go on chargelot.

When you play the skytoss, don't forget to do the mothership (if you can): It will be your best defense against most of timing attacks.

This build can be done in all league.

Few tips :

  • Use this build on map with a close position if you can.
  • Rush your stargate (adept, stargate, warpgate)
  • On the early game, your main defense will be adepts
  • As soon as you have your oracle and your phoenix, switch to double stargate Carrier.

VOD

https://youtu.be/PoI6dFe1AA4

Replay - IlIlIlIlIlIl v llllllllllll - Purity and Industry LE

Build Order

Get SALT Encoding   

  12  0:01  Probe  
  13  0:13  Probe  
  14  0:18  Pylon  
  14  0:25  Probe (Chrono Boost)  
  15  0:37  Probe x2 (Chrono Boost)  
  15  0:39  Gateway  
  16  0:49  Assimilator  
  17  0:54  Probe (Chrono Boost)  
  18  1:06  Probe (Chrono Boost)  
  19  1:14  Probe (Chrono Boost)  
  20  1:24  Nexus  
  20  1:35  Cybernetics Core  
  20  1:37  Probe  
  21  1:41  Assimilator  
  21  1:49  Probe  
  21  1:51  Pylon  
  23  2:08  Adept (Chrono Boost)  
  26  2:22  Stargate  
  26  2:26  Warp Gate  
  27  2:35  Adept  
  33  3:00  Assimilator  
  33  3:04  Oracle (Chrono Boost)  
  33  3:05  Adept  
  42  3:22  Pylon  
  44  3:34  Phoenix  
  50  4:09  Fleet Beacon  
  50  4:15  Stargate  
  50  4:16  Pylon  
  52  4:19  Adept  
  54  4:24  Pylon  
  54  4:29  Shield Battery x2  
  54  4:36  Assimilator  
  58  4:57  Carrier (Chrono Boost)  
  64  5:05  Zealot  
  72  5:18  Carrier (Chrono Boost)  
  72  5:26  Nexus  
  72  5:48  Carrier (Chrono Boost)  
  68  6:06  Adept  
  72  6:15  Carrier (Chrono Boost)  
  78  6:22  Gateway x2  
  80  6:28  Shield Battery  
  82  6:33  Assimilator x2  
  82  6:36  Twilight Council  
  83  7:01  Forge  
  83  7:03  Carrier (Chrono Boost)  
  91  7:10  Charge (Chrono Boost)  
  94  7:26  Protoss Air Weapons Level 1 (Chrono Boost)  
  101  7:36  Carrier (Chrono Boost)  
  104  7:40  Photon Cannon x3  
  106  7:51  Adept  
  106  7:56  Carrier (Chrono Boost)  
  112  8:15  Zealot x2  
  116  8:21  Gateway x2  
  116  8:31  Gateway x2  
  117  8:41  Zealot x3  
  123  8:57  Carrier  
  129  9:03  Templar Archives  
  129  9:06  Gateway  
  132  9:14  Zealot x3  
  141  9:31  Gateway  
  141  9:40  High Templar x4  
  141  9:44  Archon x2  
  149  9:54  High Templar x2, Zealot  
  149  9:58  Nexus, Archon  
Spawning Tool Build Advisor. Get it on Overwolf

Go to:

Details

  • Created by: zuka      
  • Published on: Apr 25, 2020
  • Modified on: Apr 25, 2020
  • Patch: 4.11.0
Show
View Real Time Build Order
Export as new Build Order

Comments (0)

There are no comments. Be the first!

Create an account to comment!